 Dungeon Crawl Stone Soup version 0.17.0-25-gefc9c12 (webtiles) character file.

18856 lucasterio the Fighter (level 12, -17/172 HPs)
             Began as a Minotaur Berserker on Nov 18, 2015.
             Was a High Priest of Trog.
             Shot with a bolt by a naga sharpshooter (21 damage)
             ... on level 1 of the Snake Pit.
             The game lasted 01:24:18 (12254 turns).

lucasterio the Fighter (Minotaur Berserker)        Turns: 12254, Time: 01:24:20

Health: -17/172    AC: 19    Str: 31    XL:     12   Next: 31%
Magic:  13/13      EV: 14    Int:  4    God:    Trog [*****.]
Gold:   990        SH:  4    Dex: 11    Spells: 0 memorised, 11 levels left

rFire  . . .     SeeInvis .     a - +1 spear
rCold  . . .     Clarity  .     U - +0 plate armour
rNeg   . . .     SustAt   .     A - +0 buckler
rPois  .         Gourm    .     (helmet restricted)
rElec  .         Spirit   .     (no cloak)
rCorr  +         Warding  .     o - +0 pair of gloves
rMut   .         Stasis   .     x - +0 pair of boots
MR     +....                    s - amulet of resist corrosion
Stlth  ..........               H - +5 ring of evasion
                                e - ring of protection from magic

@: berserking, lethally poisoned (-17 -> -18), very quick, somewhat resistant to
hostile enchantments, extremely unstealthy
A: retaliatory headbutt, horns 2
a: Berserk, Trog's Hand, Brothers in Arms, Burn Spellbooks, Renounce Religion


You were on level 1 of the Snake Pit.
You worshipped Trog.
Trog was extremely pleased with you.
You were not hungry.

You visited 3 branches of the dungeon, and saw 14 of its levels.
You also visited: Ossuary.

You collected 990 gold pieces.

Inventory:

Hand Weapons
 a - a +1 spear (weapon)
 F - a +0 shortbow
Missiles
 q - 176 arrows (quivered)
 L - 18 arrows of frost
Armour
 o - a +0 pair of gloves (worn)
 x - a +0 pair of boots (worn)
 A - a +0 buckler (worn)
 U - a +0 plate armour (worn)
Jewellery
 e - a ring of protection from magic (left hand)
 s - an amulet of resist corrosion (around neck)
 H - a +5 ring of evasion (right hand)
Wands
 G - a wand of disintegration (14)
 P - a wand of paralysis (14)
 R - a wand of fireball (5)
 S - a wand of digging (14)
Scrolls
 d - 10 scrolls of remove curse
 j - 6 scrolls of teleportation
 I - 4 scrolls of identify
Potions
 b - a potion of degeneration {unknown}
 g - a potion of agility {unknown}
 k - a potion of invisibility {unknown}
 t - 2 potions of haste
 v - 8 potions of curing
 w - 5 potions of might
 z - 4 potions of heal wounds
Books
 f - a book of Alchemy

   Spells                             Type                      Level
   a - Sublimation of Blood           Necromancy                   2
   b - Ignite Poison                  Fire/Transmutation/Poison    3
   c - Alistair's Intoxication        Transmutation/Poison         4
   d - Condensation Shield            Ice                          4
   e - Petrify                        Transmutation/Earth          4
   f - Irradiate                      Conjuration/Transmutation    5
   Trog disapproves of the use of such an item.
 E - a book of Maledictions

   Spells                             Type                      Level
   a - Corona                         Hexes                        1
   b - Ensorcelled Hibernation        Hexes/Ice                    2
   c - Confuse                        Hexes                        3
   d - Tukima's Dance                 Hexes                        3
   e - Dazzling Spray                 Conjuration/Hexes            3
   Trog disapproves of the use of such an item.
Miscellaneous
 N - a plain deck of wonders
Comestibles
 c - 8 bread rations
 h - 4 chunks of flesh
 i - 3 meat rations
 X - 12 fruits


   Skills:
 * Level 13.6 Fighting
 + Level 12.4 Polearms
 + Level 6.4 Bows
 + Level 13.1 Armour
 - Level 2.1 Dodging
 + Level 3.4 Shields
 * Level 3.6 Evocations


You had 11 spell levels left.
You didn't know any spells.

Dungeon Overview and Level Annotations

Branches:
Dungeon (9/15)             Temple (0/1) D:6            Lair (4/8) D:9
  Snake (1/4) Lair:3
  Swamp: Lair:3-6    Shoals: Lair:3-6       Orc: D:9-12

Altars:
Cheibriados
Dithmenos
Elyvilon
Gozag
Nemelex Xobeh
Okawaru
Qazlal
Ru

Shops:
Snake:1 (


Innate Abilities, Weirdness & Mutations

You reflexively headbutt those who attack you in melee.
You have a pair of horns on your head.


Message History

The splash of poison hits you!
You are poisoned.
You are too injured to fight recklessly!
You are too injured to fight recklessly!
You are too injured to fight recklessly!
Attack whom?
Press: ? - help, Dir - move target cursor, f - naga sharpshooter
Aim: a naga sharpshooter, wielding a glaive and wearing a robe (catching its breath)
You reach to attack!
You closely miss the naga sharpshooter.
You feel sick.
Attack whom?
Press: ? - help, Dir - move target cursor, f/p - naga sharpshooter
Aim: a naga sharpshooter, wielding a glaive and wearing a robe (catching its breath)
You reach to attack!
You hit the naga sharpshooter.
The naga sharpshooter is lightly wounded.
The naga sharpshooter unwields an uncursed glaive.
The naga sharpshooter wields an arbalest.
The naga sharpshooter mumbles some strange words.
The naga sharpshooter magically shoots a bolt.
The bolt hits you!!
You die...

#...............#..##
#.##..#.........#...# ..
##.##...........## #### #
#.##............#### #..#####
##..........##.....###....##.
#.........###.....#.........
###.......###...............
##.#...N##................
#.###...@..#.)...........
##.#...#.............
####................
####.............
##..###....... #..##.....###
#####.##..# # #..###..# #
#### ####


You could see a naga sharpshooter.

Vanquished Creatures
  2 hydras (Lair:1)
  A naga warrior (Snake:1)
  A catoblepas (Lair:3)
  2 anacondas (Snake:1)
  A mana viper (Snake:1)
  2 salamanders (Snake:1)
  8 spiny frogs
  5 black mambas
  4 komodo dragons
  Grinder (D:5)
  2 fire drakes
  7 yaks
  3 blink frogs (Lair:3)
  A spriggan (D:8)
  A hungry ghost (D:9)
  A basilisk (Lair:3)
  6 hippogriffs
  4 nagas
  9 water moccasins
  2 sky beasts
  3 porcupines
  2 ice beasts
  An orc warrior (D:9)
  4 ogres
  2 necrophages
  A wasp (Lair:3)
  5 centaurs
  2 crocodiles
  Blork the orc (D:4)
  6 giant frogs
  A big kobold (D:9)
  3 scorpions
  7 wights
  A crimson imp (D:9)
  2 giant frog zombies
  6 hounds
  A centaur skeleton (D:6)
  A giant frog skeleton (D:7)
  A jelly (D:7)
  2 orc priests
  A quasit (D:8)
  4 worker ants
  6 iguanas
  4 orc wizards
  2 big kobold zombies (Ossuary)
  2 hound skeletons (D:4)
  A hound zombie (Ossuary)
  4 mummies (Ossuary)
  2 worker ant zombies
  4 gnolls (D:9)
  20 adders
  16 river rats
  2 shadow imps (D:8)
  An ooze (D:1)
  4 adder zombies
  4 worms (D:2)
  2 adder skeletons
  5 giant geckos
  19 orcs
  13 bats
  4 giant cockroaches
  10 hobgoblins
  6 jackals
  10 kobolds
  A quokka (D:4)
  A ball python (D:1)
  5 giant newts
  4 goblins
  3 hobgoblin zombies (Ossuary)
  A kobold zombie (Ossuary)
  An orc zombie (Ossuary)
  A quokka skeleton (D:8)
  8 rats
  A rat zombie (Ossuary)
  A bush (Lair:3)
  2 fungi (Lair:3)
  A plant (Lair:3)
291 creatures vanquished.

Vanquished Creatures (others)
  5 fungi (Lair:3)
  7 plants (Lair:3)
12 creatures vanquished.

Grand Total: 303 creatures vanquished

Notes
Turn   | Place    | Note
--------------------------------------------------------------
     0 | D:1      | lucasterio the Minotaur Berserker began the quest for the Orb.
     0 | D:1      | Reached XP level 1. HP: 19/19 MP: 0/0
   193 | D:1      | Reached XP level 2. HP: 24/27 MP: 1/1
   513 | D:1      | Reached skill level 4 in Polearms
   711 | D:2      | Reached XP level 3. HP: 28/33 MP: 2/2
   768 | D:2      | Reached ** piety under Trog
   898 | D:2      | Reached XP level 4. HP: 32/41 MP: 3/3
  1560 | D:3      | Reached skill level 5 in Polearms
  1749 | D:3      | Reached XP level 5. HP: 20/47 MP: 4/4
  1919 | D:4      | Noticed an ogre
  1930 | D:4      | Killed an ogre
  1930 | D:4      | Reached skill level 5 in Fighting
  1930 | D:4      | Reached skill level 6 in Polearms
  1986 | D:4      | Noticed an ogre
  1995 | D:4      | Killed an ogre
  1995 | D:4      | Reached XP level 6. HP: 5/56 MP: 5/5
  2164 | D:4      | Noticed Blork the orc
  2174 | D:4      | Killed Blork the orc
  2571 | D:4      | Reached *** piety under Trog
  2823 | D:5      | Entered Level 5 of the Dungeon
  2873 | D:5      | Noticed Grinder
  2887 | D:5      | Killed Grinder
  2887 | D:5      | Reached skill level 7 in Polearms
  2887 | D:5      | Reached skill level 5 in Armour
  2887 | D:5      | Reached XP level 7. HP: 63/63 MP: 6/6
  3082 | D:5      | Reached skill level 8 in Polearms
  3427 | D:6      | Reached XP level 8. HP: 63/71 MP: 7/7
  3498 | D:6      | Found a shadowy altar of Dithmenos.
  3578 | D:6      | Reached skill level 9 in Polearms
  3621 | D:6      | Found a sand-covered staircase.
  3630 | Ossuary  | Entered an ossuary
  3890 | D:6      | Found a staircase to the Ecumenical Temple.
  3953 | D:6      | Reached skill level 10 in Polearms
  4216 | D:7      | Found an opulent altar of Gozag.
  4309 | D:7      | Reached XP level 9. HP: 58/81 MP: 8/8
  4376 | D:7      | Reached **** piety under Trog
  4668 | D:7      | Found a stormy altar of Qazlal.
  4670 | D:7      | Found a sacrificial altar of Ru.
  4672 | D:7      | Found a white marble altar of Elyvilon.
  4673 | D:7      | Found a snail-covered altar of Cheibriados.
  4917 | D:8      | Found a sparkling altar of Nemelex Xobeh.
  4973 | D:8      | Reached skill level 11 in Polearms
  5139 | D:8      | Found a sparkling altar of Nemelex Xobeh.
  5755 | D:9      | Found a staircase to the Lair.
  5755 | D:9      | Noticed a fire drake
  5763 | D:9      | Killed a fire drake
  5763 | D:9      | Reached skill level 12 in Polearms
  6045 | D:9      | Reached skill level 1 in Bows
  6045 | D:9      | Reached XP level 10. HP: 82/91 MP: 9/9
  6547 | Lair:1   | Entered Level 1 of the Lair of Beasts
  6595 | Lair:1   | Reached skill level 10 in Fighting
  7055 | Lair:1   | Noticed a black mamba
  7066 | Lair:1   | Killed a black mamba
  7197 | Lair:1   | Reached skill level 10 in Armour
  7232 | Lair:1   | You fall through a shaft!
  8428 | Lair:1   | Reached XP level 11. HP: 64/103 MP: 10/10
  8447 | Lair:1   | Noticed a seven-headed hydra
  8458 | Lair:1   | Noticed a four-headed hydra
  8472 | Lair:1   | Killed a seven-headed hydra
  8475 | Lair:1   | Killed a four-headed hydra
  8905 | Lair:1   | Received a gift from Trog
  9042 | Lair:2   | Noticed a black mamba
  9055 | Lair:2   | Killed a black mamba
  9082 | Lair:2   | Noticed a black mamba
  9096 | Lair:2   | Killed a black mamba
  9106 | Lair:2   | Found an iron altar of Okawaru.
  9496 | Lair:3   | Reached skill level 5 in Bows
  9528 | Lair:3   | Reached ***** piety under Trog
 10013 | Lair:3   | Noticed a catoblepas
 10031 | Lair:3   | Killed a catoblepas
 10031 | Lair:3   | Reached skill level 13 in Fighting
 10031 | Lair:3   | Reached skill level 1 in Evocations
 10104 | Lair:3   | Reached skill level 1 in Shields
 10260 | Lair:3   | Found a staircase to the Snake Pit.
 11056 | Snake:1  | Entered Level 1 of the Snake Pit
 11075 | Snake:1  | Reached XP level 12. HP: 90/115 MP: 12/12
 11096 | Snake:1  | Noticed a naga warrior
 11134 | Snake:1  | Killed a naga warrior
 11187 | Snake:1  | Found Mechiatt's Weapon Shop.
 11570 | Snake:1  | Noticed an anaconda
 11591 | Snake:1  | Killed an anaconda
 11946 | Snake:1  | Noticed an anaconda
 11974 | Snake:1  | Killed an anaconda
 12247 | Snake:1  | HP: 2/115 [salamander/halberd (10)]
 12253 | Snake:1  | HP: 3/172 [poisoned by a naga sharpshooter (splash of poison)]
 12254 | Snake:1  | Shot with a bolt by a naga sharpshooter

Action                   |  1- 3 |  4- 6 |  7- 9 | 10-12 || total
-------------------------+-------+-------+-------+-------++-------
Melee: Spear             |    97 |   170 |   561 |   884 ||  1712
Invok: Berserk           |     1 |     2 |     4 |     7 ||    14
       Trog's Hand       |       |     1 |       |     1 ||     2
       Brothers in Arms  |       |       |       |     1 ||     1
  Use: Scroll            |       |     6 |     1 |     4 ||    11
       Potion            |       |       |       |     5 ||     5
 Stab: Sleeping          |     1 |       |       |       ||     1
  Eat: Chunk             |     1 |     8 |    12 |    15 ||    36
       Meat ration       |       |       |     1 |     2 ||     3
       Beef jerky        |       |       |       |     2 ||     2
       Pizza             |       |       |       |     1 ||     1
